 Dungeon Crawl Stone Soup version 0.24.0-7-gb3623d2c88 (webtiles) character file.

Game seed: 15898974331179047307, levelgen mode: deterministic

189 Descartes the Magician (level 5, -2/24 HPs)
             Began as a Spriggan Wizard on Nov 2, 2019.
             Killed by divine providence
             ... invoked by an orc priest
              (13 damage)
             ... on level 5 of the Dungeon.
             The game lasted 00:14:12 (4820 turns).

Descartes the Magician (Spriggan Wizard)            Turns: 4820, Time: 00:14:13

Health: -2/24      AC:  2    Str:  3    XL:     5   Next: 40%
Magic:  8/13       EV: 18    Int: 20    God:
Gold:   147        SH:  0    Dex: 15    Spells: 8/14 levels left

rFire    . . .     SeeInvis +   b - +0 hunting sling (velocity)
rCold    . . .     Gourm    .   (shield restricted)
rNeg     . . .     Faith    .   l - +0 robe
rPois    .         Spirit   .   s - +0 hat
rElec    .         Reflect  .   j - scarf {cloud immunity}
rCorr    .         Harm     .   (gloves unavailable)
MR       .....                  (boots unavailable)
Stlth    +++.......             (no amulet)
HPRegen  0.08/turn              (no ring)
MPRegen  0.13/turn              (no ring)

@: very quick
A: very small, unfitting armour, see invisible, herbivore, speed 3, slow
metabolism 2
a: no special abilities


You were on level 5 of the Dungeon.
You were very hungry.

You visited 1 branch of the dungeon, and saw 5 of its levels.

You collected 147 gold pieces.

Inventory:

Hand Weapons
 a - a +0 short sword
 b - a +0 hunting sling of velocity (weapon)
 t - the +4 whip "Wogo" {elec, Str+10 Dex-4, unknown}
   (You found it on level 5 of the Dungeon)

   Occasionally, upon striking a foe, it will discharge some electrical energy
   and cause terrible harm.
   It affects your strength (+10).
   It affects your dexterity (-4).
Missiles
 c - 5 boomerangs
 f - 147 stones (quivered)
 i - 21 bolts
 m - 20 poisoned darts
 o - 37 sling bullets
 r - 14 arrows
Armour
 j - a scarf of cloud immunity (worn)
 l - a +0 robe (worn)
 s - a +0 hat (worn)
Wands
 q - a wand of acid (11)
Scrolls
 e - 4 scrolls of identify {unknown}
 h - 3 scrolls of remove curse {unknown}
 k - a scroll of immolation {unknown}
 n - 3 scrolls of teleportation {unknown}
 p - a scroll of magic mapping {unknown}
Potions
 g - 2 potions of curing
Comestibles
 d - 6 rations


   Skills:
 - Level 3.5 Dodging
 + Level 5.1 Stealth
 + Level 5.1 Spellcasting
 + Level 2.0 Conjurations
   Level 0.7 Summonings
 + Level 3.6 Translocations
 + Level 0.0 Air Magic
 + Level 0.0 Poison Magic


You had 8 spell levels left.
You knew the following spells:

 Your Spells              Type           Power        Failure   Level  Hunger
a - Magic Dart            Conj           ##..         4%          1    None
b - Blink                 Tloc           N/A          3%          2    None
c - Mephitic Cloud        Conj/Pois/Air  #.......     26%         3    ##.....

Your spell library contained the following spells:

 Spells                   Type           Power        Failure   Level  Hunger
 Call Imp                 Summ           #.......     13%         2    None
 Slow                     Hex            #.......     17%         2    None
 Conjure Flame            Conj/Fire      #.......     22%         3    ##.....


Dungeon Overview and Level Annotations

Branches:
Dungeon (4/15)
 Temple: D:4-7

Altars:
Vehumet


Innate Abilities, Weirdness & Mutations

You are very small and have problems with some larger weapons.
You are too small for most types of armour.
You have supernaturally acute eyesight. (SInv)
You are a herbivore.
You cover ground extremely quickly.
You need to consume almost no food.


Message History

The orc priest calls upon Beogh to heal the orc.
The orc's wounds heal themselves!
You escape the ball python's grasp.
A centaur comes into view.
The centaur wields a +0 shortbow.
The centaur shoots an arrow.
The arrow misses you.
You see here an arrow.
The centaur shoots an arrow.
The arrow closely misses you.
You see here an arrow.
The centaur shoots an arrow.
The arrow closely misses you.
The orc priest invokes the aid of Beogh against you.
Beogh smites you!
Ouch! That really hurt!
You see here an arrow.
You see here a polished whip.
t - a polished whip The orc priest invokes the aid of Beogh against you.
Beogh smites you!
Ouch! That really hurt!
You die...

###########
#.@o(.(...#
#..S.o....#
#.....o...#
#..c......#
#####.....o...#
#.............#
##..........#
#......<....#
#..#..".....ยง#


You could see a centaur, 2 orc priests, an orc wizard, an orc and a ball python.

Vanquished Creatures
  A hound (D:4)
  An orc wizard (D:2)
  7 adders
  2 dart slugs
  A leopard gecko (D:1)
  13 orcs
  A ball python (D:3)
  6 bats
  2 giant cockroaches
  7 goblins
  3 hobgoblins
  4 frilled lizards
  7 kobolds
55 creatures vanquished.

Notes
Turn   | Place    | Note
-------+----------+-------------------------------------------
     0 | D:1      | Descartes the Spriggan Wizard began the quest for the Orb.
     0 | D:1      | Reached XP level 1. HP: 9/9 MP: 6/6
   300 | D:1      | Reached XP level 2. HP: 13/13 MP: 0/8
   439 | D:1      | Reached skill level 1 in Conjurations
   978 | D:1      | Learned a level 2 spell: Blink
  1313 | D:2      | Reached XP level 3. HP: 6/16 MP: 1/9
  1535 | D:2      | Found a radiant altar of Vehumet.
  2181 | D:2      | Reached XP level 4. HP: 21/21 MP: 4/11
  2691 | D:2      | HP: 1/21 [poisoned by an adder]
  3382 | D:2      | HP: 1/21 [orc wizard/magic dart (6)]
  3631 | D:2      | Reached XP level 5. HP: 17/24 MP: 3/13
  3755 | D:3      | Reached skill level 5 in Spellcasting
  4104 | D:3      | Found a faded altar of an unknown god.
  4512 | D:3      | Found a faded altar of an unknown god.
  4748 | D:4      | Reached skill level 5 in Stealth
  4799 | D:4      | Learned a level 3 spell: Mephitic Cloud
  4805 | D:4      | You fall into a shaft and drop 1 floor!
  4805 | D:5      | Entered Level 5 of the Dungeon
  4810 | D:5      | Noticed a centaur
  4820 | D:5      | Got a polished whip
  4820 | D:5      | Killed from afar by an orc priest

Levels and vault maps discovered:
D:1:      ebering_hopf_link, layout_loops_ring
D:2:      layout_basic, vehumet_crystals, first_ration
D:3:      layout_rooms, chequers_ecumenical_altar_twisty, grunt_ministairs_2
D:4:      minmay_chambers_of_fours, layout_cave_pools, marbit_many_paths,
          nicolae_ru_awakened_eye, nzn_random_ring
D:5:      layout_rooms, overflow_temple_1_default, elyvilon_altar_5,
          temple_green, gup_sewer_entry_glass, lemuel_blue_sif_altar,
          uniq_sigmund, uniq_eustachio

Skill      XL: |  1  2  3  4  5 |
---------------+----------------+-----
Conjurations   | 1 2 |  2.0
Translocations | 2 3 |  3.6
Stealth        | 4 5 |  5.1
Spellcasting   | 5 |  5.1
Dodging        | |  3.5
Summonings     | |  0.7

Action                   |  1- 3 |  4- 6 || total
-------------------------+-------+-------++-------
Melee: Short sword       |       |     9 ||     9
 Fire: Hunting sling     |       |     1 ||     1
 Cast: Magic Dart        |    90 |   125 ||   215
       Blink             |       |     3 ||     3
  Use: Potion            |       |     1 ||     1
Armor: Robe              |     1 |     3 ||     4
Dodge: Dodged            |     9 |    51 ||    60
